 Dungeon Crawl Stone Soup version 0.31-a0-1074-g0b22e4e0f1 (webtiles) character file.

Game seed: 18156667839858289164

199 monsoonserge the Chiller (level 5, -5/40 HPs)
             Began as a Ghoul Ice Elementalist on Nov 30, 2023.
             Slain by a centaur
             ... wielding the +6 hand axe "Zeegas" {flame, Str+3 Int+5}
              (9 damage)
             ... on level 4 of the Dungeon.
             The game lasted 00:09:40 (2856 turns).

monsoonserge the Chiller (Ghoul Ice Elementalist)   Turns: 2856, Time: 00:09:40

Health: -5/40      AC:  5    Str: 12    XL:     5   Next: 77%
Magic:  4/7        EV: 12    Int: 22    God:
Gold:   280        SH:  0    Dex:  9    Spells: 4/8 levels left

rFire   . . .        x - +2 mace (drain)
rCold   + . .        (no shield)
rNeg    + + +        d - +0 ring mail
rPois   ∞            (no helmet)
rElec   .            (no cloak)
rCorr   .            (no gloves)
SInv    .            (no boots)
Will    .....        (no amulet)
Stlth   +            e - +6 ring of intelligence
HPRegen 0.00/turn    h - +5 ring of evasion
MPRegen 0.10/turn

%: no passive effects
@: grasped by roots, freezing walls, inhibited regen, constricted
A: claws 1, cold resistance 1, negative energy resistance 3, inhibited
regeneration, torment resistance 2, devour on kill
a: no special abilities


You were on level 4 of the Dungeon.
You visited 1 branch of the dungeon, and saw 4 of its levels.

You collected 280 gold pieces.

Inventory:

Hand Weapons
 n - a +0 spear
 x - a +2 mace of draining (weapon)
Missiles
 a - 14 poisoned darts
 f - 6 boomerangs (quivered)
 r - a throwing net
Armour
 d - a +0 ring mail (worn)
 k - a +0 leather armour
Jewellery
 e - a +6 ring of intelligence (left claw)
 h - a +5 ring of evasion (right claw)
 i - a ring of protection from cold
 q - a ring of fire
Wands
 u - a wand of digging (5)
Scrolls
 l - 4 scrolls of teleportation {unknown}
 o - 2 scrolls of vulnerability {unknown}
 t - a scroll of butterflies {unknown}
 w - a scroll of poison {unknown}
Potions
 b - a potion of magic
 c - a potion of lignification {unknown}
 g - a potion of heal wounds {unknown}
 j - a potion of curing {unknown}
 m - a potion of invisibility {unknown}
 p - a potion of degeneration {unknown}
 s - a potion of experience {unknown}
 v - a potion of enlightenment {unknown}


   Skills:
 + Level 1.1 Fighting
 + Level 0.3 Maces & Flails
 - Level 0.1 Polearms
 + Level 0.4 Throwing
 * Level 1.9 Armour
 + Level 2.2 Dodging
 + Level 2.5 Stealth
 - Level 2.0 Spellcasting
 * Level 6.1 Ice Magic


You had 4 spell levels left.
You knew the following spells:

 Your Spells              Type           Power      Damage    Failure   Level
a - Freeze                Ice            100%       1d10      2%          1
b - Frozen Ramparts       Ice            58%        1d9       8%          3

Your spell library contained the following spells:

 Spells                   Type           Power      Damage    Failure   Level
 Ozocubu's Armour         Ice            29%        N/A       8%          3
 Summon Ice Beast         Ice/Summ       15%        N/A       65%         4


Dungeon Overview and Level Annotations

Branches:
Dungeon (4/15)
 Temple: D:4-7

Altars:
Okawaru
Xom


Innate Abilities, Weirdness & Mutations

You are immune to poison.
You have sharp fingernails.
Your flesh is cold resistant. (rC+)
You are immune to negative energy. (rN+++)
You do not regenerate when monsters are visible.
You are immune to unholy pain and torment.
You thrive by killing the living.


Message History

You hit the quokka.
You kill the quokka!
The centaur unwields a +0 shortbow.
The centaur wields the +6 hand axe "Zeegas" {flame, Str+3 Int+5}.
It bursts into flame!
The centaur hits you with the +6 hand axe "Zeegas" {flame, Str+3 Int+5}.
The centaur burns you. The centaur kicks you.
You see here a quokka corpse.
Casting: Frozen Ramparts (dangerous; 8% risk of failure)
Confirm with . or Enter, or press ? or * to list all spells.
Casting: Frozen Ramparts (dangerous; 8% risk of failure)
Press: ? - help, Dir - look around, f - activate The walls around you are covered in ice.
The wall freezes the centaur but does no damage.
The centaur hits you with the +6 hand axe "Zeegas" {flame, Str+3 Int+5}.
* * * LOW HITPOINT WARNING * * *
The centaur burns you.
* * * LOW HITPOINT WARNING * * *
The centaur kicks you but does no damage.
The wall freezes the centaur.
The centaur misses you.
The centaur kicks you but does no damage.
You barely miss the centaur.
The centaur is lightly wounded.
The wall freezes the centaur.
The centaur hits you with the +6 hand axe "Zeegas" {flame, Str+3 Int+5}.
* * * LOW HITPOINT WARNING * * *
The centaur burns you.
* * * LOW HITPOINT WARNING * * *
The centaur completely misses you.
The wall freezes the centaur.
The centaur zaps a wand.
The roots erupt in riotous growth!
The grasping roots grab you!
The centaur is unaffected.
The grasping roots constrict you.
* * * LOW HITPOINT WARNING * * *
Okay, then.
Okay, then.
You hit the centaur but do no damage. You drain the centaur.
The centaur is moderately wounded.
The wall freezes the centaur.
The centaur hits you with the +6 hand axe "Zeegas" {flame, Str+3 Int+5}!
You die...

#.....# #...c....
#.....###........
####..##........#
.#####...)..#+#...#
....))..##### #..#
#####...# ##.# #...#
#.#
#.#.#########c######
#.#.........@........
#....................
#####################


You could see a centaur (drained).

Vanquished Creatures
  2 iguanas (D:4)
  2 gnolls (D:4)
  6 adders
  3 worms
  A dart slug (D:4)
  An orc (D:4)
  3 bats (D:1)
  4 endoplasms
  7 giant cockroaches
  3 goblins
  5 hobgoblins
  7 kobolds
  3 quokkas
  8 ball pythons
  5 frilled lizards
  6 rats
66 creatures vanquished.

Notes
Turn   | Place    | Note
-------+----------+-------------------------------------------
     0 | D:1      | monsoonserge the Ghoul Ice Elementalist began the quest for
                  | the Orb.
     0 | D:1      | Reached XP level 1. HP: 14/14 MP: 2/2
   188 | D:1      | Reached XP level 2. HP: 20/20 MP: 1/3
   392 | D:1      | Reached skill level 5 in Ice Magic
   724 | D:1      | Reached XP level 3. HP: 26/26 MP: 2/4
  1091 | D:2      | Learned a level 3 spell: Frozen Ramparts
  1136 | D:2      | Found a faded altar of an unknown god.
  1482 | D:2      | Reached XP level 4. HP: 33/33 MP: 6/6
  2243 | D:3      | Found a shimmering altar of Xom.
  2412 | D:4      | Found an iron altar of Okawaru.
  2425 | D:4      | Reached skill level 1 in Armour
  2425 | D:4      | Reached XP level 5. HP: 28/39 MP: 4/7
  2754 | D:4      | Reached skill level 1 in Fighting
  2777 | D:4      | Reached skill level 6 in Ice Magic
  2843 | D:4      | Identified the +6 hand axe "Zeegas" {flame, Str+3 Int+5}
  2843 | D:4      | Noticed a centaur
  2856 | D:4      | Slain by a centaur

Illustrated notes

Levels and vault maps discovered:
D:1:      enne_arrival_octagon_isle, layout_basic
D:2:      layout_rooms, shapermc_ecumenical_altar_notcrosses,
          nicolae_elevator_lobby_plus
D:3:      layout_basic, xom_teletrap_fun, minmay_crystal_water
D:4:      layout_loops_cross, mainiacjoe_overflow_tiny_flanked, minmay_pentangle

Skill      XL: |  1  2  3  4  5 |
---------------+----------------+-----
Ice Magic      | 5 6 |  6.1
Dodging        | 2 |  2.2
Spellcasting   | 2 |  2.0
Armour         | 1 |  1.9
Fighting       | 1 |  1.1
Maces & Flails | |  0.3
Polearms       | |  0.1
Throwing       | |  0.4
Stealth        | |  2.5

Action                     |  1- 3 |  4- 6 || total
---------------------------+-------+-------++-------
  Melee: Unarmed           |     6 |       ||     6
         Whip              |    53 |       ||    53
         Spear             |     1 |    38 ||    39
         Mace              |       |    13 ||    13
         Punch             |       |     1 ||     1
  Throw: Boomerang         |     6 |       ||     6
   Cast: Freeze            |    32 |    10 ||    42
         Frozen Ramparts   |     2 |    13 ||    15
   Stab: Sleeping          |     3 |     1 ||     4
 Armour: Robe              |    23 |       ||    23
         Leather armour    |    22 |     1 ||    23
         Ring mail         |       |    20 ||    20
  Dodge: Dodged            |    57 |    40 ||    97

Table legend: (Time is in decaauts)
 A = Elapsed time spent in this place.
 B = Non-inter-level travel time spent in this place.
 C = Inter-level travel time spent in this place.
 D = Time resting spent in this place.
 E = Time spent auto-exploring this place.
 F = Levels seen in this place.
 G = Mean time per level.
                   A        B        C        D        E       F      G
               +--------+--------+--------+--------+--------+-----+--------+
         Total |   2871 |   2846 |     25 |    343 |   1484 |   4 |  717.8 |
       Dungeon |   2871 |   2846 |     25 |    343 |   1484 |   4 |  717.8 |
               +--------+--------+--------+--------+--------+-----+--------+

Top non-repeatable levels by time:
     D:1: 1082 daAuts
     D:2: 699 daAuts
     D:3: 602 daAuts
     D:4: 487 daAuts
